[ AOE2 MATCH · #505665116 ]
UnrankedLithuanians vs Sicilians
Rival team · LOSS
[ REPLAY ANALYSIS · EXTRACTED FROM THE RECORDED GAME ]
Feudal
8:25
Castle
19:58
Imperial
32:30
| APM avg | 69.4 |
| APM peak | 103 |
| eAPM avg | 24.1 |
| Villagers / military | 148 / 116 |
Focus
⚔️ 31.7% · 🌾 68.3%
Leitis ×73 · Cavalry Archer ×17 · Archer ×15 · Knight ×3 · Mangonel ×3 · Monk ×2
Feudal
10:31
Castle
21:38
Imperial
39:04
| APM avg | 93.6 |
| APM peak | 159 |
| eAPM avg | 54.9 |
| Villagers / military | 173 / 257 |
Focus
⚔️ 67.6% · 🌾 32.4%
Spearman ×153 · Skirmisher ×60 · Knight ×21 · Archer ×8 · Mangonel ×6 · Battering Ram ×5
Match map
Initial resources + every placement click. Lines = walls · curves = elevation contours. ◆ gold · ⬟ stone · ● berries · ✦ relic · ◌ wall gap
Your base· Open — 4t gap
DS_Overtaken's base· ✓ Closed at 21:38 · 39t walls · no gate
Smoothed initial terrain · ◌ = detected wall gap · hover for details
Inputs per minute
— _LY_Yo - - DS_Overtaken
Build order — _LY_Yo
First 150 of 485 actions detected
| 0:00 | Create | Villager (Male) |
| 0:01 | Create | Villager (Male) |
| 0:02 | Build | House |
| 0:03 | Build | House |
| 0:08 | Create | Villager (Male) |
| 0:08 | Create | Villager (Male) |
| 0:24 | Create | Villager (Male) |
| 0:28 | Create | Villager (Male) |
| 1:28 | Create | Villager (Male) |
| 2:10 | Create | Villager (Male) |
| 2:24 | Create | Villager (Male) |
| 2:24 | Create | Villager (Male) |
| 2:50 | Create | Villager (Male) |
| 3:06 | Build | Lumber Camp |
| 3:11 | Create | Villager (Male) |
| 3:12 | Create | Villager (Male) |
| 3:45 | Build | House |
| 4:02 | Create | Villager (Male) |
| 4:57 | Create | Villager (Male) |
| 5:18 | Create | Villager (Male) |
| 5:38 | Build | Mining Camp |
| 5:42 | Create | Villager (Male) |
| 6:14 | Research | Feudal Age |
| 6:30 | Build | House |
| 7:12 | Build | Barracks |
| 7:30 | Build | Palisade Wall |
| 7:35 | Build | Palisade Wall |
| 7:36 | Build | Palisade Wall |
| 7:54 | Create | Villager (Male) |
| 8:25 | Age | Feudal Age |
| 8:27 | Build | Archery Range |
| 8:42 | Research | Loom |
| 8:43 | Research | Double-Bit Axe |
| 9:04 | Build | Mill |
| 9:05 | Create | Villager (Male) |
| 9:21 | Build | House |
| 9:24 | Create | Archer |
| 9:27 | Create | Villager (Male) |
| 9:55 | Create | Villager (Male) |
| 9:58 | Build | House |
| 10:06 | Create | Archer |
| 10:12 | Create | Villager (Male) |
| 10:19 | Build | Palisade Wall |
| 10:19 | Build | Palisade Wall |
| 10:26 | Build | Blacksmith |
| 10:27 | Build | Palisade Wall |
| 10:32 | Create | Villager (Male) |
| 10:36 | Create | Archer |
| 10:41 | Create | Villager (Male) |
| 10:57 | Create | Archer |
| 10:59 | Create | Villager (Male) |
| 11:09 | Research | Horse Collar |
| 11:09 | Research | Horse Collar |
| 11:14 | Build | House |
| 11:24 | Research | Fletching |
| 11:30 | Build | Farm |
| 11:38 | Build | Farm |
| 11:43 | Create | Villager (Male) |
| 11:47 | Create | Archer |
| 12:13 | Create | Villager (Male) |
| 12:22 | Create | Archer |
| 12:23 | Create | Villager (Male) |
| 12:31 | Build | Farm |
| 12:32 | Build | Farm |
| 12:44 | Create | Villager (Male) |
| 12:46 | Build | Farm |
| 13:03 | Build | Farm |
| 13:11 | Create | Archer |
| 13:24 | Create | Villager (Male) |
| 13:30 | Build | Farm |
| 13:33 | Build | House |
| 13:43 | Create | Villager (Male) |
| 13:48 | Create | Archer |
| 13:58 | Create | Villager (Male) |
| 14:02 | Build | House |
| 14:03 | Build | Palisade Wall |
| 14:09 | Build | Farm |
| 14:16 | Create | Archer |
| 14:21 | Build | Farm |
| 14:45 | Create | Villager (Male) |
| 14:48 | Create | Archer |
| 15:08 | Create | Villager (Male) |
| 15:11 | Build | Farm |
| 15:21 | Create | Villager (Male) |
| 15:31 | Build | Farm |
| 15:34 | Create | Archer |
| 15:40 | Build | Archery Range |
| 15:46 | Build | House |
| 15:47 | Build | Palisade Wall |
| 16:00 | Create | Villager (Male) |
| 16:01 | Create | Archer |
| 16:08 | Build | Farm |
| 16:26 | Create | Villager (Male) |
| 16:31 | Build | Lumber Camp |
| 16:41 | Build | Palisade Wall |
| 16:51 | Create | Archer |
| 16:52 | Create | Villager (Male) |
| 17:06 | Build | Lumber Camp |
| 17:11 | Build | Palisade Wall |
| 17:12 | Build | Palisade Wall |
| 17:13 | Build | Palisade Wall |
| 17:18 | Research | Castle Age |
| 17:18 | Research | Castle Age |
| 17:40 | Create | Archer |
| 18:28 | Create | Archer |
| 18:35 | Build | Palisade Wall |
| 18:51 | Build | Stable |
| 19:07 | Research | Gold Mining |
| 19:11 | Research | Wheelbarrow |
| 19:18 | Build | House |
| 19:51 | Research | Bloodlines |
| 19:51 | Research | Bloodlines |
| 19:52 | Create | Villager (Male) |
| 19:58 | Age | Castle Age |
| 19:59 | Build | House |
| 20:05 | Create | Cavalry Archer |
| 20:06 | Create | Cavalry Archer |
| 20:08 | Research | Husbandry |
| 20:09 | Research | Bodkin Arrow |
| 20:09 | Research | Bodkin Arrow |
| 20:10 | Create | Villager (Male) |
| 20:12 | Build | Palisade Wall |
| 20:20 | Build | Monastery |
| 20:29 | Build | Town Center |
| 20:39 | Build | House |
| 20:43 | Create | Cavalry Archer |
| 20:43 | Create | Cavalry Archer |
| 20:47 | Research | Bow Saw |
| 21:16 | Create | Monk |
| 21:25 | Research | Padded Archer Armor |
| 21:27 | Research | Heavy Plow |
| 21:27 | Research | Heavy Plow |
| 21:35 | Create | Villager (Male) |
| 21:42 | Create | Cavalry Archer |
| 21:42 | Create | Cavalry Archer |
| 22:10 | Create | Villager (Male) |
| 22:12 | Create | Cavalry Archer |
| 22:42 | Create | Villager (Male) |
| 22:47 | Create | Villager (Male) |
| 22:59 | Create | Villager (Male) |
| 23:05 | Create | Villager (Male) |
| 23:11 | Create | Cavalry Archer |
| 23:11 | Create | Cavalry Archer |
| 23:12 | Create | Villager (Male) |
| 23:21 | Build | Town Center |
| 23:28 | Create | Monk |
| 23:36 | Create | Villager (Male) |
| 23:43 | Build | Farm |
| 23:44 | Build | Farm |
| 23:45 | Build | Farm |
Build order — DS_Overtaken
First 150 of 577 actions detected
| 0:00 | Create | Villager (Male) |
| 0:00 | Create | Villager (Male) |
| 0:01 | Create | Villager (Male) |
| 0:02 | Build | House |
| 0:03 | Build | House |
| 0:15 | Create | Villager (Male) |
| 1:24 | Create | Villager (Male) |
| 1:24 | Create | Villager (Male) |
| 1:52 | Create | Villager (Male) |
| 1:58 | Build | Lumber Camp |
| 2:24 | Create | Villager (Male) |
| 2:48 | Create | Villager (Male) |
| 3:08 | Create | Villager (Male) |
| 3:38 | Create | Villager (Male) |
| 3:49 | Build | House |
| 4:04 | Create | Villager (Male) |
| 4:25 | Create | Villager (Male) |
| 4:29 | Build | Barracks |
| 4:54 | Build | House |
| 5:01 | Create | Villager (Male) |
| 5:19 | Create | Villager (Male) |
| 5:23 | Create | Militia |
| 5:27 | Build | Palisade Wall |
| 5:45 | Create | Villager (Male) |
| 5:49 | Create | Militia |
| 6:00 | Build | House |
| 6:07 | Create | Villager (Male) |
| 6:24 | Build | Mill |
| 6:32 | Create | Villager (Male) |
| 7:05 | Create | Villager (Male) |
| 7:29 | Create | Villager (Male) |
| 7:29 | Research | Loom |
| 7:43 | Build | Mining Camp |
| 8:19 | Research | Feudal Age |
| 8:28 | Create | Militia |
| 8:57 | Create | Militia |
| 9:16 | Build | House |
| 9:44 | Build | House |
| 10:01 | Build | Mill |
| 10:07 | Create | Villager (Male) |
| 10:27 | Build | Palisade Wall |
| 10:31 | Age | Feudal Age |
| 10:34 | Build | Archery Range |
| 10:35 | Research | Man-at-Arms (upgrade) |
| 10:48 | Create | Villager (Male) |
| 10:59 | Create | Villager (Male) |
| 11:01 | Build | Palisade Wall |
| 11:02 | Build | Palisade Wall |
| 11:05 | Research | Double-Bit Axe |
| 11:07 | Build | Farm |
| 11:19 | Build | House |
| 11:21 | Create | Archer |
| 11:39 | Build | Farm |
| 11:40 | Create | Villager (Male) |
| 11:48 | Build | Palisade Wall |
| 11:53 | Build | House |
| 11:54 | Create | Villager (Male) |
| 12:00 | Create | Archer |
| 12:03 | Build | Farm |
| 12:06 | Build | Farm |
| 12:23 | Build | House |
| 12:30 | Create | Villager (Male) |
| 12:31 | Create | Skirmisher |
| 12:50 | Build | Blacksmith |
| 12:55 | Create | Villager (Male) |
| 12:56 | Create | Archer |
| 12:58 | Build | Farm |
| 13:12 | Create | Skirmisher |
| 13:26 | Create | Villager (Male) |
| 13:38 | Build | Farm |
| 13:39 | Build | Farm |
| 13:43 | Build | House |
| 13:46 | Create | Villager (Male) |
| 13:47 | Create | Archer |
| 13:54 | Create | Villager (Male) |
| 14:09 | Build | House |
| 14:14 | Build | Farm |
| 14:15 | Build | Farm |
| 14:27 | Research | Fletching |
| 14:27 | Research | Fletching |
| 14:44 | Create | Villager (Male) |
| 14:53 | Build | House |
| 14:57 | Build | Farm |
| 14:59 | Build | Farm |
| 15:01 | Build | Farm |
| 15:05 | Create | Archer |
| 15:05 | Create | Villager (Male) |
| 15:22 | Build | Palisade Wall |
| 15:23 | Create | Villager (Male) |
| 15:28 | Research | Horse Collar |
| 15:47 | Build | Palisade Wall |
| 15:49 | Create | Villager (Male) |
| 15:51 | Build | Farm |
| 15:51 | Create | Villager (Male) |
| 15:52 | Build | Farm |
| 15:56 | Create | Archer |
| 16:21 | Build | Farm |
| 16:23 | Research | Wheelbarrow |
| 16:23 | Research | Wheelbarrow |
| 16:47 | Create | Skirmisher |
| 17:03 | Build | Farm |
| 17:04 | Build | Farm |
| 17:07 | Create | Skirmisher |
| 17:23 | Create | Villager (Male) |
| 17:29 | Build | House |
| 17:31 | Build | House |
| 17:39 | Create | Archer |
| 18:02 | Create | Villager (Male) |
| 18:30 | Create | Villager (Male) |
| 18:47 | Build | House |
| 18:58 | Research | Castle Age |
| 18:58 | Research | Castle Age |
| 18:58 | Research | Castle Age |
| 18:58 | Research | Castle Age |
| 18:59 | Create | Skirmisher |
| 19:08 | Create | Skirmisher |
| 19:16 | Build | House |
| 19:25 | Research | Padded Archer Armor |
| 19:26 | Research | Padded Archer Armor |
| 19:46 | Build | House |
| 19:50 | Create | Archer |
| 20:06 | Build | House |
| 20:16 | Build | House |
| 20:18 | Build | House |
| 20:19 | Research | Gold Mining |
| 20:20 | Research | Gold Mining |
| 20:34 | Build | House |
| 20:38 | Create | Villager (Male) |
| 20:39 | Create | Villager (Male) |
| 21:00 | Build | House |
| 21:03 | Create | Villager (Male) |
| 21:08 | Build | House |
| 21:24 | Create | Villager (Male) |
| 21:38 | Age | Castle Age |
| 21:41 | Build | Town Center |
| 21:42 | Research | Bow Saw |
| 21:42 | Research | Bow Saw |
| 21:44 | Create | Villager (Male) |
| 21:45 | Build | Siege Workshop |
| 21:50 | Research | Heavy Plow |
| 21:51 | Research | Heavy Plow |
| 21:53 | Build | Palisade Wall |
| 22:03 | Research | Leather Archer Armor |
| 22:13 | Create | Villager (Male) |
| 22:13 | Create | Villager (Male) |
| 22:21 | Research | Elite Skirmisher (upgrade) |
| 22:21 | Research | Elite Skirmisher (upgrade) |
| 22:30 | Create | Villager (Male) |
| 22:40 | Create | Villager (Male) |
| 22:45 | Build | Town Center |
Match timeline
| 4:29 | DS_Overtaken · first_building Barracks |
| 5:27 | DS_Overtaken · wall_segment Palisade Wall x1 |
| 7:12 | _LY_Yo · first_building Barracks |
| 7:30 | _LY_Yo · wall_segment Palisade Wall x1 |
| 7:35 | _LY_Yo · wall_segment Palisade Wall x1 |
| 7:36 | _LY_Yo · wall_segment Palisade Wall x1 |
| 8:25 | _LY_Yo · age_up feudal |
| 8:27 | _LY_Yo · first_building Archery Range |
| 10:19 | _LY_Yo · wall_segment Palisade Wall x1 |
| 10:19 | _LY_Yo · wall_segment Palisade Wall x1 |
| 10:27 | DS_Overtaken · wall_segment Palisade Wall x4 |
| 10:27 | _LY_Yo · wall_segment Palisade Wall x1 |
| 10:31 | DS_Overtaken · age_up feudal |
| 10:34 | DS_Overtaken · first_building Archery Range |
| 11:01 | DS_Overtaken · wall_segment Palisade Wall x1 |
| 11:02 | DS_Overtaken · wall_segment Palisade Wall x6 |
| 11:48 | DS_Overtaken · wall_segment Palisade Wall x1 |
| 14:03 | _LY_Yo · wall_segment Palisade Wall x1 |
| 15:22 | DS_Overtaken · wall_segment Palisade Wall x11 |
| 15:47 | DS_Overtaken · wall_segment Palisade Wall x15 |
| 15:47 | _LY_Yo · wall_segment Palisade Wall x6 |
| 16:41 | _LY_Yo · wall_segment Palisade Wall x1 |
| 17:11 | _LY_Yo · wall_segment Palisade Wall x2 |
| 17:12 | _LY_Yo · wall_segment Palisade Wall x1 |
| 17:13 | _LY_Yo · wall_segment Palisade Wall x1 |
| 18:35 | _LY_Yo · wall_segment Palisade Wall x4 |
| 18:51 | _LY_Yo · first_building Stable |
| 19:58 | _LY_Yo · age_up castle |
| 20:12 | _LY_Yo · wall_segment Palisade Wall x6 |
| 20:20 | _LY_Yo · first_building Monastery |
| 21:38 | DS_Overtaken · age_up castle |
| 21:45 | DS_Overtaken · first_building Siege Workshop |
| 21:53 | DS_Overtaken · wall_segment Palisade Wall x1 |
| 24:13 | _LY_Yo · first_building Siege Workshop |
| 26:25 | DS_Overtaken · first_building Stable |
| 31:05 | _LY_Yo · first_building Castle |
| 32:30 | _LY_Yo · age_up imperial |
| 34:37 | DS_Overtaken · first_building Castle |
| 34:48 | DS_Overtaken · wall_segment Stone Wall x6 |
| 34:49 | DS_Overtaken · wall_segment Stone Wall x1 |
| 34:55 | DS_Overtaken · wall_segment Stone Wall x1 |
| 35:52 | DS_Overtaken · first_market_sell 500 food |
| 36:56 | DS_Overtaken · wall_segment Stone Wall x15 |
| 36:57 | DS_Overtaken · wall_segment Stone Wall x7 |
| 37:23 | DS_Overtaken · first_market_buy 100 stone |
| 37:33 | DS_Overtaken · wall_segment Stone Wall x10 |
| 39:04 | DS_Overtaken · age_up imperial |
| 41:56 | DS_Overtaken · first_building Donjon |
| 42:51 | DS_Overtaken · resign |
[ AI ANALYSIS · 1 CREDIT ]
What really happened in this match?
Wolo.gg analyzes every decision: build order, eco, micro, common mistakes by bracket. Personalized analysis on WhatsApp or Discord in 30 seconds.
Civ guide
Lithuanians
Perfil
Jugador #197964